 Dungeon Crawl Stone Soup version 0.27-a0-396-g03f4e8edb7 (webtiles) character file.

Game seed: 2859307218416772670

41985 CryoSword the Severer (level 13, -7/119 HPs)
             Began as a Minotaur Monk on Feb 21, 2021.
             Was a High Priest of Qazlal.
             Killed from afar by a starcursed mass (10 damage)
             ... with an accursed screaming
             ... on level 1 of the Abyss.
             The game lasted 00:34:54 (22087 turns).

CryoSword the Severer (Minotaur Monk)              Turns: 22087, Time: 00:34:55

Health: -7/119     AC: 25    Str: 17 (18) XL:     13   Next: 83%
Magic:  14/14      EV:  7    Int:  7      God:    Qazlal [*****.]
Gold:   381        SH: 17    Dex: 12      Spells: 12/12 levels left

rFire    . . .     SeeInvis .   a - +4 broad axe (freeze)
rCold    . . .     Faith    .   M - +0 buckler
rNeg     . . .     Spirit   .   p - +0 plate armour
rPois    +         Reflect  +   (helmet restricted)
rElec    .         Harm     .   f - +1 cloak
rCorr    .         Rampage  .   (no gloves)
Will     +....                  z - +2 pair of boots
Stlth    ..........             H - amulet of reflection
HPRegen  0.00/turn              h - ring of willpower {=R}
MPRegen  0.14/turn              B - ring of poison resistance

@: protected from physical damage, non-regenerating, diseased, repel missiles
A: retaliatory headbutt, horns 2, [clumsy 1], [deterioration 2], [low mp 2],
[weak 1]
a: Renounce Religion, Upheaval, Elemental Force, Disaster Area


You were on level 1 of the Abyss.
You worshipped Qazlal.
Qazlal was extremely pleased with you.
You visited 3 branches of the dungeon, and saw 19 of its levels.
You visited the Abyss 1 time.

You collected 1152 gold pieces.
You spent 771 gold pieces at shops.

Inventory:

Hand Weapons
 a - a +4 broad axe of freezing (weapon)
   (You found it on level 13 of the Dungeon)
 F - a +0 hand crossbow
   (You found it on level 8 of the Dungeon)
Missiles
 m - 45 poisoned darts (quivered)
 r - 17 boomerangs
 u - 3 throwing nets
 y - 93 bolts
 J - a curare-tipped dart
Armour
 f - a +1 cloak (worn)
   (You found it on level 13 of the Dungeon)
 p - a +0 plate armour (worn)
   (You found it on level 3 of the Dungeon)
 z - a +2 pair of boots (worn)
   (You found it on level 5 of the Dungeon)
 M - a +0 buckler (worn)
   (You found it on level 12 of the Dungeon)
Jewellery
 h - a ring of willpower (left hand) {=R}
   (You found it on level 1 of the Dungeon)
 x - a ring of resist corrosion
   (You found it on level 5 of the Dungeon)
 B - a ring of poison resistance (right hand)
   (You found it on level 6 of the Dungeon)
 C - a ring of protection from fire
   (You found it on level 7 of the Dungeon)
 H - an amulet of reflection (around neck)
   (You bought it in a shop on level 10 of the Dungeon)
Wands
 w - a wand of acid (9)
   (You found it on level 1 of the Lair of Beasts)
 E - a wand of iceblast (5)
   (You found it on level 8 of the Dungeon)
Scrolls
 b - a scroll of fear
 g - a scroll of holy word
 n - a scroll of teleportation {@r4}
 s - 5 scrolls of blinking
 t - 3 scrolls of identify {@r1}
 A - 2 scrolls of enchant armour
 D - a scroll of amnesia
 L - 2 scrolls of magic mapping {unknown}
Potions
 c - 2 potions of cancellation
 d - 5 potions of might
 e - 7 potions of lignification {!q}
 i - 2 potions of brilliance
 j - a potion of heal wounds {@q2}
 k - a potion of magic
 l - 3 potions of degeneration {!q}
 o - 4 potions of attraction {!q}
 q - a potion of berserk rage
 v - 5 potions of curing {@q1}
 G - a potion of haste {unknown}
 K - a potion of invisibility
 N - 2 potions of resistance
 O - 2 potions of flight


   Skills:
 + Level 12.6 Fighting
 * Level 16.8 Axes
 - Level 13.7 Armour
 - Level 3.2 Dodging
 - Level 1.5 Stealth
 * Level 9.2 Shields
 + Level 8.4 Invocations


You had 12 spell levels left.
You didn't know any spells.
Your spell library contained the following spells:

 Spells                   Type           Power        Failure   Level
 Apportation              Tloc           0%           100%        1
 Beastly Appendage        Tmut           0%           100%        1
 Magic Dart               Conj           0%           100%        1
 Searing Ray              Conj           0%           100%        2
 Wereblood                Tmut           0%           100%        2
 Dazzling Flash           Conj/Hex       0%           100%        3
 Lesser Beckoning         Tloc           0%           100%        3
 Spider Form              Tmut/Pois      0%           100%        3
 Tukima's Dance           Hex            0%           100%        3
 Animate Dead             Necr           0%           100%        4
 Fulminant Prism          Conj/Hex       0%           100%        4
 Ice Form                 Ice/Tmut       0%           100%        4
 Iskenderun's Mystic Bla  Conj/Tloc      0%           100%        4
 Alistair's Intoxication  Tmut/Pois      0%           100%        5
 Blade Hands              Tmut           0%           100%        5
 Borgnjor's Vile Clutch   Necr/Erth      0%           100%        5
 Death Channel            Necr           0%           100%        6
 Invisibility             Hex            0%           100%        6
 Simulacrum               Ice/Necr       0%           100%        6


Dungeon Overview and Level Annotations

Branches:
Dungeon (13/15)            Temple (1/1) D:7            Lair (5/6) D:10
  Swamp (0/4) Lair:4       Spider (0/4) Lair:2          Orc (0/2) D:11
 Vaults (0/5) D:13
  Slime: Lair:5-6

Altars:
Ashenzari
Cheibriados
Gozag
Kikubaaqudgha
Makhleb
Nemelex Xobeh
Okawaru
Qazlal
Ru
Sif Muna
Trog
Wu Jian
Xom
Yredelemnul
Zin
The Shining One

Shops:
D:6 *   D:10 =   D:11 :   D:12 !

Portals:
Trove: D:13 (give 7 scrolls of blinking)

Annotations:
Lair:5 Sonja


Innate Abilities, Weirdness & Mutations

You reflexively headbutt those who attack you in melee.
You have a pair of horns on your head.
[You are clumsy. (Dex -2)]
[Your body often deteriorates upon taking damage.]
[Your magical capacity is very low. (-20% MP)]
[You are weak. (Str -2)]


Message History

You block the large abomination's attack.
You closely miss the raiju.
You hit the large abomination but do no damage.
You block the raiju's attack.
You hit the raiju. You freeze the raiju. You barely miss the large abomination.
You block the large abomination's attack.
You slash the raiju! You freeze the raiju! You slash the large abomination!
You freeze the large abomination.
You destroy the large abomination!
Qazlal accepts your kill. You block the raiju's attack.
You feel the corruption within you wane somewhat.
Your body's shape seems more normal.
Your urge to yell lessens.
You feel stronger.
Your Shields skill increases to level 9!
You barely miss the raiju. Your headbutt misses the raiju.
You hit the raiju but do no damage.
You hear a chilling moan.
The raiju bursts into living lightning!
The living lightning hits you. You resist.
* * * LOW HITPOINT WARNING * * *
The living lightning hits the raiju.
The raiju completely resists.
The living lightning hits the raiju.
The raiju completely resists.
The raiju blinks! x3
You closely miss the raiju.
You headbutt the raiju, but do no damage.
You slash the raiju! You freeze the raiju.
The raiju bursts into living lightning!
The living lightning hits you but does no damage.
You resist.
You feel more protected from electricity.
The living lightning hits you! You resist.
You feel more protected from electricity.
* * * LOW HITPOINT WARNING * * *
The raiju blinks! x3
The raiju bursts into living lightning!
The living lightning hits you. You resist.
* * * LOW HITPOINT WARNING * * *
The living lightning hits the raiju.
The raiju completely resists.
The living lightning hits the raiju.
The raiju completely resists.
The raiju blinks! x3
You slash the raiju! You freeze the raiju.
You kill the raiju!
Qazlal accepts your kill.
You slash the raiju! You freeze the raiju. You block the raiju's attack.
You feel your intelligence returning.
You closely miss the raiju. You slice the raiju!! You freeze the raiju.
You kill the raiju!
Qazlal accepts your kill.
The raiju bursts into living lightning!
The living lightning hits you. You resist.
You feel more protected from electricity.
* * * LOW HITPOINT WARNING * * *
The raiju blinks!
You slice the raiju!! You freeze the raiju!
You kill the raiju!
Qazlal accepts your kill.
You start resting.
A quasit comes into view.
You closely miss the quasit.
The quasit bites you but does no damage.
The quasit claws you but does no damage.
You block the quasit's attack.
You barely miss the quasit. You block the quasit's attack.
The quasit closely misses you. You block the quasit's attack.
You slash the quasit! You freeze the quasit.
You kill the quasit!
Qazlal accepts your kill.
You are suddenly pulled into a different region of the Abyss!
You start resting.
A lurking horror comes into view.
You shout at the lurking horror!
A shadow dragon simulacrum comes into view.
You start resting.
A lurking horror is nearby!
Your protection from electricity is fading.
You feel less protected from electricity.
The lurking horror is engulfed in blazing flames.
Your body is wracked with pain!
* * * LOW HITPOINT WARNING * * *
You slash the shadow dragon simulacrum! You slash the shadow dragon simulacrum!
You block the shadow dragon simulacrum's attack.
The shadow dragon simulacrum claws you but does no damage. x2
You slash the shadow dragon simulacrum!
You block the shadow dragon simulacrum's attack. x2
The shadow dragon simulacrum claws you but does no damage.
You hit the shadow dragon simulacrum.
The shadow dragon simulacrum vapourises!
Qazlal accepts your kill.
You start resting.
An ancient zyme comes into view.
You feel yourself growing ill in the presence of the ancient zyme.
An ancient zyme is nearby!
You feel ill.
The ynoxinul gestures.
You feel ill.
Found a shimmering robe.
You hear a shout!
You block the ufetubus's attack. x2
The ufetubus barely misses you. You block the ufetubus's attack.
You slash the ufetubus!
You kill the ufetubus!
You slash the ufetubus! You freeze the ufetubus.
You kill the ufetubus!
You closely miss the ufetubus.
You hear a shout!
You block the ufetubus's attack. x2
You slash the ufetubus! You freeze the ufetubus.
You kill the ufetubus!
A lich comes into view.
The ancient zyme is engulfed in freezing vapours.
The ancient zyme hits you.
* * * LOW HITPOINT WARNING * * *
You feel protected from physical attacks.
The ancient zyme hits you.
* * * LOW HITPOINT WARNING * * *
You feel more protected from physical attacks.
You feel ill.
You slice the ancient zyme!! You freeze the ancient zyme!
You headbutt the ancient zyme, but do no damage.
The ancient zyme is engulfed in freezing vapours.
You destroy the ancient zyme!
Qazlal accepts your kill.
The lich points at itself and mumbles some strange words.
The lich flickers and vanishes!
Deactivating autopickup; reactivate with Ctrl-A.
You feel the corruption within you wane somewhat.
You feel agile.
Your urge to shout disappears.
You slash the ynoxinul! You freeze the ynoxinul.
You block the ynoxinul's attack.
You slash the ynoxinul! You freeze the ynoxinul.
You kill the ynoxinul!
Qazlal accepts your kill.
You hear some strange, mumbled words.
A starcursed mass comes into view.
Unknown command.
You slice something!! You freeze something. Something touches you.
* * * LOW HITPOINT WARNING * * *
A starcursed mass splits.
A chorus of shrieks assaults your mind.
* * * LOW HITPOINT WARNING * * *
You hit something. You headbutt something.
Something touches you but does no damage.
A crimson imp comes into view.
You miss something.
Something touches you but does no damage.
A chorus of shrieks assaults your mind.
You die...

.#### .#..
.... #..# #
.X# # ....#.
.X. #.##. ..
#5# . . . #.#
.#... ####{#
. . #.§@.# #
#### #.○..#
......# #
#§...# #.#..
. .## #....#
. x### ....#
#..[.# ..# #
# .......#
... #
........# .#
## ...##....#
. ..
##..#..#....#


You could see 2 starcursed masses and a crimson imp.

Vanquished Creatures
  Rupert (D:13)
  A hydra (Lair:2)
  Harold (D:7)
  A centaur warrior (D:13)
  4 death yaks (Lair:4)
  Urug (D:13)
  2 two-headed ogres
  A tengu warrior (D:13)
  A large abomination (Abyss:1)
  A wretched star (Abyss:1)
  An orc knight (D:13)
  A lindwurm (Lair:4)
  A harpy (shapeshifter) (D:13)
  A cyclops (D:10)
  An orc sorcerer (D:13)
  An ugly thing (D:11)
  2 manticores
  6 black mambas
  A molten gargoyle (Lair:3)
  6 cane toads
  A tengu conjurer (D:13)
  3 komodo dragons
  An ancient zyme (Abyss:1)
  A polar bear (Lair:4)
  2 trolls
  A tyrant leech (Lair:4)
  A shadow dragon simulacrum (Abyss:1)
  2 hornets
  4 raiju (Abyss:1)
  11 blink frogs
  A shadow (D:10)
  A ynoxinul (Abyss:1)
  2 vampires
  A wraith (D:13)
  5 wyverns
  26 yaks
  16 humans
  A neqoxec (Abyss:1)
  2 steam dragons (D:5)
  3 basilisks (Lair:2)
  2 vampire mosquitoes (D:13)
  4 wargs
  Menkaure (D:7)
  A soldier ant (D:10)
  11 water moccasins
  2 swamp worms (Lair:4)
  4 ice beasts
  2 black bears
  3 sky beasts
  2 eyes of draining
  5 orc warriors
  3 necrophages
  8 ogres
  8 wolves
  2 phantoms
  3 centaurs
  3 kobold brigands
  11 bullfrogs
  A wyvern zombie (D:9)
  A water moccasin skeleton (D:8)
  2 scorpions
  13 killer bees
  4 howler monkeys
  4 wights (D:10)
  3 electric eels
  2 bullfrog zombies
  2 centaur zombies
  2 quasits
  A bullfrog skeleton (D:8)
  12 orc priests
  10 hounds
  7 jellies
  A gnoll shaman (D:6)
  3 centaur skeletons
  4 iguanas
  Natasha (thrice) (D:4)
  14 orc wizards
  4 hell rats (Lair:4)
  11 worker ants
  A hound skeleton (D:5)
  2 worker ant zombies (D:11)
  Robin (D:2)
  11 gnolls
  12 adders
  2 shadow imps (D:9)
  3 white imps
  4 ufetubi
  An ooze (D:2)
  2 adder skeletons (D:9)
  2 worms
  3 dart slugs (D:1)
  8 leopard geckos
  52 orcs
  6 giant cockroaches
  17 goblins
  11 hobgoblins
  16 jackals
  A quokka (D:4)
  2 ball pythons
  8 bats
  3 frilled lizards
  25 kobolds
  A leopard gecko zombie (D:5)
  9 rats
  A lurking horror (Abyss:1)
503 creatures vanquished.

Vanquished Creatures (others)
  A goblin (D:1)
  23 fungi
  26 plants
50 creatures vanquished.

Grand Total: 553 creatures vanquished

Notes
Turn   | Place    | Note
-------+----------+-------------------------------------------
     0 | D:1      | CryoSword the Minotaur Monk began the quest for the Orb.
     0 | D:1      | Reached XP level 1. HP: 19/19 MP: 0/0
    97 | D:1      | Reached skill level 4 in Axes
   171 | D:1      | Reached XP level 2. HP: 20/27 MP: 1/1
   741 | D:1      | Reached XP level 3. HP: 33/33 MP: 2/2
   907 | D:2      | Found a snail-covered altar of Cheibriados.
   923 | D:2      | Reached skill level 5 in Axes
   923 | D:2      | Reached XP level 4. HP: 35/41 MP: 3/3
  1848 | D:3      | Reached skill level 6 in Axes
  1961 | D:3      | Reached XP level 5. HP: 46/47 MP: 4/4
  1975 | D:3      | Reached skill level 5 in Fighting
  2262 | D:3      | Noticed Robin
  2577 | D:2      | Killed Robin
  2806 | D:3      | Found a faded altar of an unknown god.
  2899 | D:3      | Reached skill level 7 in Axes
  3348 | D:3      | Reached XP level 6. HP: 32/53 MP: 5/5
  3349 | D:3      | Reached skill level 1 in Armour
  3938 | D:3      | Reached XP level 7. HP: 23/62 MP: 6/6
  4253 | D:4      | Reached skill level 8 in Axes
  4441 | D:4      | Found an iron altar of Okawaru.
  4768 | D:4      | Noticed Natasha
  4779 | D:4      | Killed Natasha
  4845 | D:4      | Noticed Natasha
  4862 | D:4      | Killed Natasha
  5026 | D:4      | Noticed Natasha
  5030 | D:4      | Killed Natasha
  5039 | D:5      | Entered Level 5 of the Dungeon
  5544 | D:5      | Found a glowing silver altar of Zin.
  5629 | D:5      | Reached skill level 5 in Armour
  5656 | D:5      | Reached XP level 8. HP: 71/71 MP: 7/7
  5783 | D:5      | Reached skill level 9 in Axes
  5882 | D:5      | Found a basalt altar of Yredelemnul.
  5908 | D:5      | Found a glowing golden altar of the Shining One.
  5911 | D:5      | Noticed an angel
  6665 | D:6      | Found Zeuvy's Assorted Antiques.
  6677 | D:6      | Bought a scroll labelled POENOG ULYIM for 24 gold pieces
  6677 | D:6      | Bought a puce potion for 21 gold pieces
  6677 | D:6      | Bought a scroll labelled SAR YQIAKLIVIA for 24 gold pieces
  6677 | D:6      | Bought a potion of lignification for 72 gold pieces
  7132 | D:6      | Reached skill level 10 in Axes
  7351 | D:6      | Found an opulent altar of Gozag.
  7351 | D:6      | Found a shimmering blue altar of Sif Muna.
  7352 | D:6      | Found a sacrificial altar of Ru.
  7357 | D:6      | Found an ancient bone altar of Kikubaaqudgha.
  7359 | D:6      | Found a broken altar of Ashenzari.
  7585 | D:7      | Reached XP level 9. HP: 71/79 MP: 8/8
  8023 | D:7      | Noticed Menkaure
  8028 | D:7      | Killed Menkaure
  8126 | D:7      | Found a staircase to the Ecumenical Temple.
  8126 | D:7      | Noticed Harold
  8146 | D:7      | Killed Harold
  8147 | D:7      | Reached skill level 11 in Axes
  8154 | Temple   | Entered the Ecumenical Temple
  8399 | Temple   | Became a worshipper of Qazlal Stormbringer
  8399 | Temple   | Reached * piety under Qazlal
  8399 | Temple   | Reached ** piety under Qazlal
  8597 | D:8      | Reached skill level 1 in Invocations
  8840 | D:8      | Found an ornate altar of the Wu Jian Council.
  9528 | D:9      | Reached XP level 10. HP: 85/90 MP: 10/10
 10057 | D:8      | Reached skill level 12 in Axes
 10058 | D:8      | Reached skill level 10 in Armour
 10501 | D:9      | HP: 6/136 [troll (1)]
 10951 | D:9      | Noticed a two-headed ogre
 11565 | D:9      | Killed a two-headed ogre
 11565 | D:9      | Reached *** piety under Qazlal
 11964 | D:10     | Entered Level 10 of the Dungeon
 12034 | D:10     | Found Alideemo's Jewellery Shoppe.
 12037 | D:10     | Bought an amulet of reflection for 390 gold pieces
 12077 | D:10     | Noticed a cyclops
 12087 | D:10     | Killed a cyclops
 12208 | D:10     | Reached skill level 13 in Axes
 12610 | D:10     | Reached XP level 11. HP: 57/99 MP: 13/13
 13161 | D:10     | Found a staircase to the Lair.
 13375 | D:10     | Paralysed by a hornet for 1 turns
 13391 | D:9      | Reached **** piety under Qazlal
 13550 | D:10     | Reached skill level 10 in Fighting
 14264 | D:11     | Found Zaisch Wabu's Book Shoppe.
 14338 | D:11     | Reached skill level 5 in Invocations
 14370 | D:11     | Noticed a cyan ugly thing
 14376 | D:11     | Noticed a two-headed ogre
 14406 | D:11     | Killed a cyan ugly thing
 14696 | D:11     | Killed a two-headed ogre
 14697 | D:11     | Reached skill level 14 in Axes
 14706 | D:11     | Reached ***** piety under Qazlal
 14847 | D:11     | Found a staircase to the Orcish Mines.
 15827 | D:12     | Found Zousur's Distillery.
 15837 | D:12     | Bought a potion of resistance for 150 gold pieces
 15837 | D:12     | Bought a potion of flight for 45 gold pieces
 15837 | D:12     | Bought a potion of lignification for 45 gold pieces
 16002 | D:13     | Found a gate to the Vaults.
 16002 | D:13     | Noticed Rupert
 16002 | D:13     | Noticed Urug
 16002 | D:13     | Noticed a centaur warrior
 16085 | D:13     | Reached skill level 1 in Shields
 16116 | D:13     | Noticed a tengu warrior
 16133 | D:13     | Found a portal to a secret trove of treasure.
 16803 | D:13     | Noticed a harpy
 16803 | D:13     | a tarantella changed into a harpy
 16806 | D:13     | Killed a harpy
 16807 | D:13     | Reached XP level 12. HP: 108/108 MP: 15/15
 17117 | D:13     | Killed a centaur warrior
 17271 | D:13     | Killed a tengu warrior
 17310 | D:13     | Reached skill level 15 in Axes
 17320 | D:13     | Paralysed by Rupert for 7 turns
 17331 | D:13     | Paralysed by Rupert for 5 turns
 17337 | D:13     | Killed Rupert
 17683 | D:13     | Killed Urug
 17966 | Lair:1   | Entered Level 1 of the Lair of Beasts
 17976 | Lair:1   | Reached skill level 5 in Shields
 18422 | Lair:2   | Found a hole to the Spider Nest.
 18429 | Lair:2   | Noticed a six-headed hydra
 18434 | Lair:2   | Killed a six-headed hydra
 18435 | Lair:2   | Reached XP level 13. HP: 117/117 MP: 4/17
 19740 | Lair:3   | Reached skill level 16 in Axes
 21633 | Lair:4   | Found a staircase to the Swamp.
 21786 | Lair:5   | Noticed Sonja
 21793 | Lair:5   | Cast into level 1 of the Abyss (Sonja)
 22078 | Abyss:1  | Noticed a lich
 22084 | Abyss:1  | Noticed a starcursed mass
 22085 | Abyss:1  | HP: 3/119 [starcursed mass/accursed screaming (10)]
 22087 | Abyss:1  | Killed from afar by a starcursed mass

Illustrated notes

Levels and vault maps discovered:
D:1:      lemuel_arrival_broad_hall, layout_basic, minmay_pentomino_s4
D:2:      layout_rooms, cheibriados_altar_1
D:3:      layout_rooms, chequers_ecumenical_altar_island, cheibrodos_gnoll_hut,
          uniq_robin
D:4:      layout_rooms, serial_rivers, chequers_serial_rivers_micro_a,
          chequers_serial_rivers_micro_b, chequers_serial_rivers_micro_b,
          chequers_serial_rivers_micro_e, chequers_serial_rivers_micro_d,
          chequers_serial_rivers_room_b, okawaru_gym_becter, uniq_natasha
D:5:      kennysheep_steamy, layout_cave_pods, grunt_temple_overflow_holy_war,
          zin_academy
D:6:      layout_loops_cross, minitemple, serial_shops,
          nicolae_shop_overgrown_old_shop
D:7:      layout_basic, minmay_temple_entry_gardened_gates, uniq_menkaure,
          uniq_harold
D:8:      layout_loops_ring, kennysheep_little_box, minivault_10
D:9:      layout_rooms
D:10:     layout_irregular_city, erik_lair_orcish_takeover, serial_shops,
          kennysheep_mini_moat
D:11:     layout_gridville, orc_0_dummy, serial_shops, shop
D:12:     layout_basic, serial_shops, shop, minmay_misc_feat_rugged
D:13:     layout_basic, david_vaults_3, serial_shops, nicolae_shop_behind_doors,
          nicolae_trove_entry_free_sample
Temple:   minmay_temple_forest_path
Lair:1:   layout_big_grid, lemuel_fruit_tree
Lair:2:   layout_chaotic_city, dummy_spider_entry, minivault_23,
          nicolae_quartered_pool_super
Lair:3:   layout_gridlike
Lair:4:   layout_loops_ring, minmay_swamp_entry_worms, serial_bayou_shore_a
Lair:5:   layout_regular_city, dpeg_slime_entry_enclosed_altar,
          nzn_ghost_randoct, st_stairs_6, serial_bayou_shore_b,
          minmay_lair_oklob_chamber, uniq_urug, uniq_sonja
Abyss:1:  base:
D:2

Skill      XL: |  1  2  3  4  5  6  7  8  9 10 11 12 13 |
---------------+----------------------------------------+-----
Axes           | 4 5 6 7 8 10 11 13 14 15 16 | 16.8
Fighting       | 4 5 6 7 8 9 10 11 12 | 12.6
Armour         | 2 5 7 9 11 12 13 | 13.7
Invocations    | 1 4 5 7 8 |  8.4
Shields        | 2 5 9 |  9.2
Dodging        | |  3.2
Stealth        | |  1.5

Action                   |  1- 3 |  4- 6 |  7- 9 | 10-12 | 13-15 || total
-------------------------+-------+-------+-------+-------+-------++-------
Melee: Hand axe          |    55 |   160 |   126 |       |       ||   341
       Headbutt          |    10 |    29 |    71 |   158 |    42 ||   310
       Battleaxe         |       |    13 |       |       |       ||    13
       War axe           |       |       |   243 |   532 |       ||   775
       Broad axe         |       |       |       |   180 |   224 ||   404
Throw: Throwing net      |       |       |     1 |     1 |       ||     2
       Dart              |       |       |       |     5 |       ||     5
       Boomerang         |       |       |       |     1 |       ||     1
Invok: Disaster Area     |       |       |       |     1 |       ||     1
       Upheaval          |       |       |       |     5 |     3 ||     8
       Elemental Force   |       |       |       |     1 |       ||     1
  Use: Scroll            |       |     6 |       |    16 |     7 ||    29
       Potion            |       |     1 |       |     6 |     1 ||     8
 Stab: Sleeping          |     3 |       |       |       |       ||     3
       Held in net/web   |       |       |     1 |     1 |       ||     2
Armor: Robe              |     6 |     9 |       |       |       ||    15
       Ring mail         |       |    32 |       |       |       ||    32
       Plate armour      |       |    30 |   221 |   310 |    57 ||   618
       Skin              |       |       |       |     6 |       ||     6
Dodge: Dodged            |    49 |   122 |   120 |   189 |    33 ||   513
       Repelled          |       |       |       |     1 |       ||     1
Block: Other             |       |       |    10 |   140 |       ||   150
       Buckler           |       |       |       |   138 |   145 ||   283
       Reflection        |       |       |       |    14 |     3 ||    17

Table legend: (Time is in decaauts)
 A = Elapsed time spent in this place.
 B = Non-inter-level travel time spent in this place.
 C = Inter-level travel time spent in this place.
 D = Time resting spent in this place.
 E = Time spent auto-exploring this place.
 F = Levels seen in this place.
 G = Mean time per level.
                   A        B        C        D        E       F      G
               +--------+--------+--------+--------+--------+-----+--------+
         Total |  22009 |  21115 |    894 |   5216 |  12610 |  20 | 1100.4 |
       Dungeon |  17642 |  16975 |    667 |   4843 |   9354 |  13 | 1357.1 |
        Temple |    271 |    234 |     37 |      0 |    232 |   1 |  271.0 |
          Lair |   3807 |   3618 |    189 |    241 |   2991 |   5 |  761.4 |
         Abyss |    287 |    287 |      0 |    132 |     32 |   1 |  287.0 |
               +--------+--------+--------+--------+--------+-----+--------+

Top non-repeatable levels by time:
     D:8: 2109 daAuts
     D:2: 1809 daAuts
    D:10: 1730 daAuts
    D:12: 1714 daAuts
     D:5: 1593 daAuts
     D:9: 1546 daAuts
     D:3: 1280 daAuts
  Lair:4: 1110 daAuts
    D:11: 1088 daAuts
     D:1: 1061 daAuts
    D:13: 1044 daAuts
  Lair:2: 1019 daAuts
  Lair:3: 988 daAuts
     D:4: 910 daAuts
     D:6: 888 daAuts
